[Event "Wednesday Jan 31 Engine Tour 9 Rd Swiss 12m+1s Starts at 1600hrs ST"]
[Site "Infinity Chess"]
[Date "2018.1.31"]
[Round "5"]
[White "Time_bandit"]
[Black "MarioDeMonti"]
[Result "1/2-1/2"]
[ECO "D04"]
[WhiteElo "2487"]
[BlackElo "2487"]
[WhiteEngine "asmfish-popcnt-012018-W"]
[BlackEngine "stockfish_x64_bmi2_2018_01_23_CTG"]
[EventType "Swiss"]
[WhiteTeam ""]
[BlackTeam ""]
[PlyCount "160"]
[TimeControl "720+1"]

1. d4 d5 2. Nf3 Nf6 3. e3 c5 4. c4 e6 5. a3 h6 6. Nc3 dxc4 7. Bxc4 a6 8. O-O b5 
9. Be2 Nbd7 10. dxc5 Bxc5 11. b4 Be7 12. a4 bxa4 13. Ba3 O-O 14. Nxa4 Bb7 
15. Nc5 Qc7 16. Nxb7 Qxb7 17. Nd4 Nd5 18. Re1 N7f6 19. b5 axb5 20. Bxe7 Nc3 
21. Rxa8 Rxa8 22. Bf3 Qxe7 23. Qd3 Ra3 24. Nxb5 Nxb5 25. Qxb5 Qc7 26. g3 g5 
27. Qb4 Qa5 28. Rb1 Qxb4 29. Rxb4 Kh7 30. h3 Nd7 31. Rb7 Ne5 32. Be2 Kg6 
33. Rb5 Kf6 34. Kg2 Nd3 35. Bxd3 Rxd3 36. g4 Rd2 37. Kg3 Re2 38. Kf3 Rc2 
39. Rb4 Rc6 40. Rb1 Rc3 41. Ke4 Rc4+ 42. Kf3 Rc5 43. Ke2 Kg6 44. Kd3 Kf6 
45. Ke4 Rc4+ 46. Kf3 Rc3 47. Ke4 Rc7 48. Rb5 Kg6 49. Kf3 Kf6 50. Rb1 Kg7 
51. Ke4 Kf6 52. Kf3 Kg7 53. Rf1 Kg6 54. Rg1 f5 55. Rb1 fxg4+ 56. hxg4 Kf6 
57. Ra1 Rc4 58. Ra7 Kg6 59. Ra8 Kf6 60. Ra7 Kg6 61. Ra1 Kf6 62. Ra6 Ke5 
63. Kg3 Kf6 64. f3 Rc3 65. Kf2 Rc2+ 66. Ke1 Rh2 67. Ra5 h5 68. gxh5 Rh1+ 
69. Kd2 Rxh5 70. Ke2 Rh2+ 71. Kd3 Rh4 72. Ra8 Rh5 73. e4 g4 74. fxg4 Rh3+ 
75. Ke2 Kg5 76. Kd1 Rh1+ 77. Kd2 Kxg4 78. Re8 Rh2+ 79. Kd3 Rh6 80. Kd2 Rh2+ 
1/2-1/2

[Event "Wednesday Jan 31 Engine Tour 9 Rd Swiss 12m+1s Starts at 1600hrs ST"]
[Site "Infinity Chess"]
[Date "2018.1.31"]
[Round "5"]
[White "tris77"]
[Black "KhalidOmar"]
[Result "1/2-1/2"]
[ECO "C77"]
[WhiteElo "2423"]
[BlackElo "2452"]
[WhiteEngine "stockfish_18012814_x64_modern_CTG"]
[BlackEngine "Eman 1.69 64-bit BMI2"]
[EventType "Swiss"]
[WhiteTeam ""]
[BlackTeam ""]
[PlyCount "192"]
[TimeControl "720+1"]

1. e4 e5 2. Nf3 Nc6 3. Bb5 a6 4. Ba4 Nf6 5. O-O Be7 6. Re1 b5 7. Bb3 O-O 
8. c3 d6 9. h3 Bb7 10. d4 Re8 11. Nbd2 Bf8 12. Bc2 g6 13. d5 Nb8 14. b3 c6 
15. c4 Qc7 16. Nf1 a5 17. Bg5 Nbd7 18. Rc1 bxc4 19. bxc4 Rec8 20. N3d2 Be7 
21. Be3 Qd8 22. Qf3 cxd5 23. cxd5 Nc5 24. Nb3 Nfd7 25. Bd2 Nxb3 26. Qxb3 Ba6 
27. Qe3 Rab8 28. Bd3 Bxd3 29. Rxc8 Qxc8 30. Qxd3 Nc5 31. Qc4 Qd8 32. Rc1 Bg5 
33. Qc2 Kg7 34. f3 Bxd2 35. Nxd2 Qg5 36. Nc4 Nd3 37. Rb1 Rxb1+ 38. Qxb1 Nf4 
39. Qf1 Nxh3+ 40. Kh1 Nf4 41. Nxd6 Kf8 42. Nc4 Qg3 43. Nxa5 Qh4+ 44. Kg1 Qg5 
45. Kf2 Qh4+ 46. Kg1 Qg3 47. a3 Ke7 48. Kh1 Kf8 49. d6 Nxg2 50. Qxg2 Qh4+ 
51. Kg1 Qe1+ 52. Qf1 Qxa5 53. Qd3 Ke8 54. Kg2 Qc5 55. a4 Kd7 56. Qb3 Kxd6 
57. Qxf7 Qc2+ 58. Kf1 Qd1+ 59. Kg2 Qd2+ 60. Kh3 Qh6+ 61. Kg2 Qg5+ 62. Kf1 Qc1+ 
63. Kf2 Qd2+ 64. Kg3 Qg5+ 65. Kf2 Qd2+ 66. Kg3 Qe1+ 67. Kg4 Qg1+ 68. Kh3 Qh1+ 
69. Kg4 Qg2+ 70. Kh4 Qf2+ 71. Kg4 Qh2 72. Qd5+ Ke7 73. Qc5+ Kf7 74. Qc7+ Ke6 
75. Qb6+ Kf7 76. Qc7+ Ke6 77. Qb6+ Kf7 78. Qb7+ Ke6 79. Qc6+ Kf7 80. Qb7+ Ke6 
81. Qb3+ Ke7 82. a5 Qg2+ 83. Kh4 g5+ 84. Kh5 Qh2+ 85. Kxg5 Qf4+ 86. Kh5 Qh2+ 
87. Kg4 Qg2+ 88. Kh5 Qh2+ 89. Kg4 Qg2+ 90. Kh5 Qh3+ 91. Kg5 Qg3+ 92. Kh5 Qh3+ 
93. Kg5 Qg2+ 94. Kh4 Qh2+ 95. Kg5 Qd2+ 96. Kg4 Qg2+ 1/2-1/2

[Event "Wednesday Jan 31 Engine Tour 9 Rd Swiss 12m+1s Starts at 1600hrs ST"]
[Site "Infinity Chess"]
[Date "2018.1.31"]
[Round "4"]
[White "Dovahkiin"]
[Black "CrapCleaner"]
[Result "0-1"]
[ECO "C50"]
[WhiteElo "2371"]
[BlackElo "2420"]
[WhiteEngine "BrainFish_180128_x64_modern_CTG"]
[BlackEngine "Eman 1.68c 64-bit BMI2_CTG"]
[EventType "Swiss"]
[WhiteTeam ""]
[BlackTeam ""]
[PlyCount "152"]
[TimeControl "720+1"]

1. e4 e5 2. Nf3 Nc6 3. Bc4 Bc5 4. O-O Nf6 5. d3 d6 6. c3 O-O 7. Re1 a5 8. Bb3 h6 
9. h3 Ba7 10. d4 Re8 11. d5 Ne7 12. c4 Bd7 13. Nc3 Ng6 14. Be3 Bxe3 15. Rxe3 Nf4 
16. Ba4 c6 17. dxc6 bxc6 18. Qd2 Qc8 19. Qxd6 Bxh3 20. Nxe5 Nxg2 21. Rg3 Nh5 
22. Nxf7 Ngf4 23. Nxh6+ Kh7 24. Nf7 Rf8 25. Bd1 Nxg3 26. Qxf4 Kg8 27. Qxg3 Rxf7 
28. c5 Rf6 29. f4 Rh6 30. Be2 Qf8 31. Kf2 Be6 32. Rg1 Rb8 33. f5 Rxb2 
34. Ke1 Bc8 35. Bd3 Qe7 36. Ne2 Kf8 37. f6 Rxf6 38. e5 Rf5 39. Bxf5 Bxf5 
40. Qf4 Rb1+ 41. Kf2 Qxc5+ 42. Nd4 Kg8 43. Rxb1 Bxb1 44. a4 Ba2 45. Qe3 Qf8+ 
46. Ke2 Bc4+ 47. Kd1 Qb4 48. e6 Qxa4+ 49. Ke1 Qb4+ 50. Kd1 Qe7 51. Qe5 Bd5 
52. Qb8+ Qf8 53. Qe5 Qf1+ 54. Kc2 Qf6 55. Qb8+ Qf8 56. Qe5 Qe7 57. Qb8+ Qf8 
58. Qe5 Qc5+ 59. Kd2 Qe7 60. Nf5 Qg5+ 61. Ke2 Qf6 62. Qb8+ Kh7 63. e7 Bc4+ 
64. Kd2 Bf7 65. Qh2+ Kg6 66. Nh4+ Kh7 67. Nf5+ Kg6 68. Nh4+ Kg5 69. Qg3+ Kh5 
70. Ng2 Qb2+ 71. Ke1 Qa1+ 72. Kd2 Qb2+ 73. Ke1 Qb4+ 74. Kf2 Qd4+ 75. Ne3 Qf6+ 
76. Ke2 Qxe7 0-1

[Event "Wednesday Jan 31 Engine Tour 9 Rd Swiss 12m+1s Starts at 1600hrs ST"]
[Site "Infinity Chess"]
[Date "2018.1.31"]
[Round "4"]
[White "Satria_Ungu"]
[Black "BraveDevil"]
[Result "1/2-1/2 "]
[ECO "E41"]
[WhiteElo "2363"]
[BlackElo "2401"]
[WhiteEngine "Houdini 6_CTG"]
[BlackEngine "Cryptic Heroes V4.2"]
[EventType "Swiss"]
[WhiteTeam ""]
[BlackTeam ""]
[PlyCount "271"]
[TimeControl "720+1"]

1. d4 Nf6 2. c4 e6 3. Nc3 Bb4 4. e3 c5 5. Bd3 Nc6 6. Nf3 Bxc3+ 7. bxc3 d6 
8. Nd2 O-O 9. O-O b6 10. Bb2 Re8 11. Rc1 e5 12. Qc2 h6 13. Rfe1 Na5 14. Rcd1 Bd7 
15. e4 Nh5 16. g3 Bh3 17. Nf1 Bg4 18. Be2 Bxe2 19. Qxe2 Nf6 20. f3 Qd7 
21. Kg2 Qa4 22. Ne3 Nd7 23. Rd2 Rac8 24. Rc1 Nf6 25. d5 g6 26. Rg1 Kg7 
27. Bc1 h5 28. h4 Rh8 29. Rb2 Rb8 30. Rf1 Rb7 31. Qd3 a6 32. Rff2 Nd7 
33. Qe2 Rhb8 34. g4 Rh8 35. Qf1 Rbb8 36. Kh2 Kg8 37. Rb1 Nf6 38. g5 Nd7 
39. Rfb2 Kg7 40. Qe2 Nf8 41. Kg2 Kh7 42. Kf2 Kg7 43. Kg3 Rg8 44. Kh3 Qd7+ 
45. Kg2 Qa4 46. Kg3 Rh8 47. Kf2 Nd7 48. Rb3 Nf8 49. Rxb6 Nd7 50. R6b2 Rxb2 
51. Rxb2 Rb8 52. Rxb8 Nxb8 53. Qc2 Qxc2+ 54. Nxc2 Nxc4 55. Ne3 Nxe3 56. Kxe3 f5 
57. gxf6+ Kxf6 58. Kd3 Nd7 59. Be3 Ke7 60. Bd2 Ke8 61. c4 Kd8 62. Kc3 Nf8 
63. Be3 Ke8 64. Bc1 Nh7 65. f4 Nf6 66. fxe5 dxe5 67. Kd3 Nd7 68. Bg5 Nf8 
69. Be3 Nd7 70. Kc2 Kf7 71. Bg5 Ke8 72. Bd2 Kf7 73. Be3 Ke7 74. Bc1 Ke8 
75. Bg5 Kf8 76. Kc3 Ke8 77. Kb3 Nb6 78. Be3 Nd7 79. Kc3 Kd8 80. Kb2 Ke7 
81. Ka3 Ke8 82. Bg5 Nb6 83. Kb3 Kd7 84. Bf6 Kd6 85. Bd8 Nc8 86. Bg5 Nb6 
87. Bf6 Nd7 88. Bd8 Nf8 89. Bg5 Nd7 90. Ka4 Kc7 91. Be7 Kc8 92. Kb3 Kc7 
93. Kb2 Nb6 94. Kc3 Nd7 95. a3 Kc8 96. a4 Kc7 97. Kb2 Kb6 98. Bd8+ Kb7 
99. a5 Kc8 100. Be7 Kb7 101. Kc2 Kb8 102. Kd3 Kc8 103. Ke2 Kc7 104. Ke3 Kb8 
105. Kf3 Kc8 106. Kg2 Kc7 107. Kf2 Kb8 108. Bg5 Kb7 109. Kg2 Kc7 110. Be7 Kc8 
111. Bd6 Kb7 112. Kf3 Kc8 113. Ke3 Kd8 114. Ke2 Kc8 115. Kd2 Kd8 116. Kd3 Kc8 
117. Be7 Kb7 118. Kd2 Kc7 119. Ke1 Kc8 120. Bd6 Kb7 121. Kf1 Kc8 122. Be7 Kc7 
123. Bg5 Kd6 124. Ke1 Nb8 125. Ke2 Nd7 126. Ke3 Nf8 127. Kf2 Nd7 128. Bc1 Nf6 
129. Kf3 Ng4 130. Bg5 Kd7 131. Ke2 Ke8 132. Be3 Nxe3 133. Kxe3 Kd8 134. Kf2 Kc7 
135. Ke1 Kd6 136. Kd1 1/2-1/2

[Event "Wednesday Jan 31 Engine Tour 9 Rd Swiss 12m+1s Starts at 1600hrs ST"]
[Site "Infinity Chess"]
[Date "2018.1.31"]
[Round "4"]
[White "Dinkelberger"]
[Black "ivrdurant"]
[Result "1/2-1/2"]
[ECO "C65"]
[WhiteElo "2381"]
[BlackElo "2386"]
[WhiteEngine "stockfish_18013111_x64_modern_CTG"]
[BlackEngine "Raubfisch X37c_CTG"]
[EventType "Swiss"]
[WhiteTeam ""]
[BlackTeam ""]
[PlyCount "125"]
[TimeControl "720+1"]

1. e4 e5 2. Nf3 Nc6 3. Bb5 Nf6 4. O-O Nxe4 5. Re1 Nd6 6. Nxe5 Be7 7. Bf1 Nxe5 
8. Rxe5 O-O 9. d4 Bf6 10. Re1 Nf5 11. c3 d5 12. Nd2 Nh4 13. g3 Ng6 14. h4 Re8 
15. Rxe8+ Qxe8 16. Nb3 b6 17. h5 Nf8 18. h6 Bf5 19. hxg7 Bxg7 20. Be3 Qd7 
21. a4 Re8 22. Nd2 c6 23. a5 b5 24. Be2 Qd6 25. Kg2 Qe6 26. Bf3 Bh3+ 27. Kg1 Nd7 
28. Nf1 Nf6 29. Bf4 Ne4 30. Ne3 Bh6 31. Bg4 Bxg4 32. Qxg4+ Qxg4 33. Nxg4 Bxf4 
34. gxf4 h5 35. Ne5 Rc8 36. f3 Nd6 37. Kf2 b4 38. Rg1+ Kf8 39. Rh1 f6 
40. Nd3 bxc3 41. bxc3 Kf7 42. Rxh5 Kg6 43. Rh1 Kf5 44. a6 Nb5 45. Nb4 Nxc3 
46. Rc1 Nb5 47. Nxd5 Ke6 48. Nc3 Nxd4 49. Re1+ Kf7 50. Rb1 Ke6 51. Rb7 Ra8 
52. Ke3 Nf5+ 53. Ke2 Nd4+ 54. Kd3 Nxf3 55. Kc4 Kf5 56. Ne2 Nd2+ 57. Kb4 Ke6 
58. Nd4+ Kd6 59. Nf5+ Ke6 60. Ng7+ Kd6 61. Nf5+ Ke6 62. Nd4+ Kd6 63. Nf5+ 
1/2-1/2

[Event "Wednesday Jan 31 Engine Tour 9 Rd Swiss 12m+1s Starts at 1600hrs ST"]
[Site "Infinity Chess"]
[Date "2018.1.31"]
[Round "4"]
[White "Ryzen"]
[Black "star99"]
[Result "1/2-1/2"]
[ECO "A48"]
[WhiteElo "2384"]
[BlackElo "2384"]
[WhiteEngine "Houdini 6"]
[BlackEngine "Cryptic Heroes V4.2"]
[EventType "Swiss"]
[WhiteTeam ""]
[BlackTeam ""]
[PlyCount "273"]
[TimeControl "720+1"]

1. d4 Nf6 2. Nf3 g6 3. Bf4 Bg7 4. e3 c5 5. c3 b6 6. Bd3 O-O 7. e4 Bb7 8. Qe2 Nh5 
9. Be3 Qc7 10. O-O cxd4 11. cxd4 Nf4 12. Bxf4 Qxf4 13. Nc3 Nc6 14. g3 Qg4 
15. Qe3 f5 16. Rad1 Rac8 17. Be2 f4 18. Qd3 Nb4 19. Qd2 Qh5 20. a3 Bh6 
21. axb4 fxg3 22. Qc2 gxf2+ 23. Kg2 Be3 24. h3 Rxf3 25. Bxf3 Qg5+ 26. Kh2 Qf4+ 
27. Kg2 Qg5+ 28. Kh2 Bf4+ 29. Kh1 Qg3 30. Rxf2 Qxh3+ 31. Kg1 Qg3+ 32. Kh1 Qh3+ 
33. Kg1 Ba6 34. e5 Be3 35. Bg2 Qg3 36. Re1 Bxd4 37. Re4 Bd3 38. Qb3+ Bc4 
39. Qc2 Bxe5 40. Rxe5 Qxe5 41. Qd2 Kg7 42. Rf4 Be6 43. Re4 Qf6 44. Rf4 Bf5 
45. Rf2 Rc4 46. Nd5 Qh4 47. Qe3 e6 48. Qe5+ Kf7 49. Ne3 Rd4 50. Qh8 Rd3 
51. Nf1 Rd1 52. b5 h5 53. Qh7+ Ke8 54. Qh8+ Ke7 55. Bf3 Qg3+ 56. Bg2 Qg4 
57. Rd2 Rxd2 58. Nxd2 Qd1+ 59. Nf1 Qd3 60. b4 Qd6 61. Ne3 Qxb4 62. Nxf5+ gxf5 
63. Qg7+ Kd8 64. Qh8+ Kc7 65. Qe5+ Kd8 66. Qh8+ Kc7 67. Qe5+ Qd6 68. Qa1 Qc5+ 
69. Kh1 Qxb5 70. Qxa7+ Kd8 71. Qb8+ Ke7 72. Qh8 Qb1+ 73. Kh2 Qb4 74. Qxh5 Qf4+ 
75. Kh1 b5 76. Qh8 Qc1+ 77. Kh2 Qc5 78. Kh1 Qc1+ 79. Kh2 Qc4 80. Qg7+ Kd8 
81. Qf6+ Kc7 82. Qe5+ d6 83. Qh8 Qf4+ 84. Kh1 d5 85. Qc3+ Kb6 86. Qf6 Qd6 
87. Qd4+ Qc5 88. Qf6 Qc1+ 89. Kh2 Qf4+ 90. Kh1 Qc1+ 91. Kh2 Qc7+ 92. Kh1 Qd6 
93. Qd4+ Kc6 94. Qc3+ Kb7 95. Qg7+ Kc6 96. Qc3+ Kb7 97. Qg7+ Qc7 98. Qb2 Qc4 
99. Qg7+ Qc7 100. Qb2 Qc4 101. Qg7+ Kb6 102. Qf6 Qe2 103. Qd4+ Kc6 104. Qc3+ Kd7 
105. Qg7+ Kd6 106. Qf8+ Kc6 107. Qc8+ Kb6 108. Qb8+ Kc5 109. Qa7+ Kb4 
110. Qa1 f4 111. Bf1 Qf3+ 112. Kh2 Qg3+ 113. Kh1 Qh4+ 114. Kg1 Qg5+ 
115. Kh2 Qg3+ 116. Kh1 Qf3+ 117. Kh2 Qf2+ 118. Kh1 f3 119. Qb1+ Ka3 
120. Qxb5 Qh4+ 121. Kg1 Qd4+ 122. Kh1 Qe3 123. Bd3 Qd2 124. Qc5+ Kb3 
125. Qb6+ Kc3 126. Bf1 Qd4 127. Qxe6 Kd2 128. Qh6+ Kc2 129. Qh2+ Kd1 
130. Bb5 Qe4 131. Qg3 Kc2 132. Kg1 d4 133. Ba6 d3 134. Bxd3+ Qxd3 135. Qf2+ Kb1 
136. Qf1+ Qxf1+ 137. Kxf1 1/2-1/2

[Event "Wednesday Jan 31 Engine Tour 9 Rd Swiss 12m+1s Starts at 1600hrs ST"]
[Site "Infinity Chess"]
[Date "2018.1.31"]
[Round "4"]
[White "HOBO"]
[Black "tris77"]
[Result "0-1"]
[ECO "B90"]
[WhiteElo "2432"]
[BlackElo "2406"]
[WhiteEngine "stockfish_18011309_x64_modern_CTG"]
[BlackEngine "stockfish_18012814_x64_modern_CTG"]
[EventType "Swiss"]
[WhiteTeam ""]
[BlackTeam ""]
[PlyCount "152"]
[TimeControl "720+1"]

1. e4 c5 2. Nf3 d6 3. d4 cxd4 4. Nxd4 Nf6 5. Nc3 a6 6. Be3 e5 7. Nb3 Be6 
8. f3 Be7 9. Qd2 O-O 10. O-O-O b5 11. g4 Nbd7 12. g5 b4 13. Ne2 Ne8 14. f4 a5 
15. f5 Bxb3 16. axb3 a4 17. f6 axb3 18. Qxb4 gxf6 19. Qxb3 Ra1+ 20. Kd2 Nc5 
21. Bxc5 dxc5+ 22. Qd3 Nd6 23. gxf6 Nxe4+ 24. Ke1 Rxd1+ 25. Qxd1 Qa5+ 
26. Nc3 Nxf6 27. Bc4 Kh8 28. Rg1 Qb4 29. Qe2 e4 30. Bb3 Ra8 31. Qg2 Rg8 
32. Qf2 Rxg1+ 33. Qxg1 c4 34. Ba2 Qxb2 35. Qd4 Qc1+ 36. Nd1 Qxc2 37. Bxc4 Qxh2 
38. Bxf7 Kg7 39. Be6 Qg3+ 40. Kd2 Qg5+ 41. Kc2 Bc5 42. Qc4 Qe5 43. Nc3 h5 
44. Ne2 h4 45. Bh3 Bb6 46. Be6 Kh6 47. Qc6 Bc5 48. Qa6 Kg5 49. Qc4 Be3 
50. Kb3 Qd6 51. Nc3 Bd4 52. Ne2 Qb6+ 53. Kc2 Qb2+ 54. Kd1 Be3 55. Qa2 Qb4 
56. Kc2 Qd2+ 57. Kb3 Qd3+ 58. Nc3 Bd2 59. Qa5+ Kh6 60. Qb5 Qxc3+ 61. Ka2 h3 
62. Bxh3 Qxh3 63. Qe5 Qc3 64. Qh2+ Kg6 65. Qg1+ Bg5 66. Qb6 Qc2+ 67. Ka3 Qd1 
68. Kb4 e3 69. Kb5 e2 70. Qf2 e1=Q 71. Qxe1 Qxe1 72. Kc4 Qb1 73. Kc5 Bd2 
74. Kd6 Qb6+ 75. Ke5 Bc3+ 76. Kf4 Qf2# 0-1

[Event "Wednesday Jan 31 Engine Tour 9 Rd Swiss 12m+1s Starts at 1600hrs ST"]
[Site "Infinity Chess"]
[Date "2018.1.31"]
[Round "4"]
[White "Cepri"]
[Black "hafaba"]
[Result "1/2-1/2"]
[ECO "B00"]
[WhiteElo "2422"]
[BlackElo "2447"]
[WhiteEngine "asmFishW_07N17_CTG"]
[BlackEngine "SF_SL_FA_64BIT_POPCNT_CTG"]
[EventType "Swiss"]
[WhiteTeam ""]
[BlackTeam ""]
[PlyCount "101"]
[TimeControl "720+1"]

1. e4 Nc6 2. d4 d5 3. e5 Bf5 4. c3 e6 5. Nf3 f6 6. Bb5 Nge7 7. exf6 gxf6 
8. Nh4 Bg6 9. O-O Qd7 10. Nd2 Nf5 11. Ndf3 O-O-O 12. Nxf5 Bxf5 13. Nh4 Be4 
14. Bf4 a6 15. Ba4 Bd6 16. f3 Bg6 17. Qd2 Rhg8 18. Rae1 Bxf4 19. Qxf4 e5 
20. Bxc6 exf4 21. Bxd7+ Kxd7 22. Kf2 Bd3 23. Rh1 Rde8 24. g3 Rxe1 25. Rxe1 fxg3+ 
26. hxg3 Re8 27. Rxe8 Kxe8 28. Ke3 Bb1 29. a3 a5 30. b3 Bc2 31. b4 axb4 
32. cxb4 Kf7 33. Ng2 b5 34. Nf4 c6 35. Kd2 Bb3 36. Nd3 Bc4 37. Nc5 h5 
38. Ke3 Ke7 39. Nb7 Ba2 40. Na5 Kd7 41. Kf4 Bb1 42. Ke3 Bc2 43. Kd2 Bf5 
44. Nb7 Kc7 45. Nc5 Kd6 46. Ke3 Kc7 47. Kf2 Kd6 48. Ke3 Kc7 49. Kd2 Kd6 
50. Kc3 Kc7 51. Kd2 1/2-1/2

[Event "Wednesday Jan 31 Engine Tour 9 Rd Swiss 12m+1s Starts at 1600hrs ST"]
[Site "Infinity Chess"]
[Date "2018.1.31"]
[Round "4"]
[White "Ninja_Bp"]
[Black "Vimtiroba"]
[Result "1/2-1/2"]
[ECO "A06"]
[WhiteElo "2475"]
[BlackElo "2462"]
[WhiteEngine "Houdini 6_CTG"]
[BlackEngine "SF@J30 cc_CTG"]
[EventType "Swiss"]
[WhiteTeam ""]
[BlackTeam ""]
[PlyCount "148"]
[TimeControl "720+1"]

1. Nf3 d5 2. d4 Nf6 3. e3 e6 4. c4 c6 5. Nbd2 c5 6. b3 cxd4 7. exd4 b6 
8. Bb2 Be7 9. Bd3 O-O 10. O-O Nbd7 11. Qe2 Bb7 12. Rac1 Rc8 13. Rfe1 dxc4 
14. bxc4 Re8 15. a3 g6 16. Rcd1 Qc7 17. h3 Bd6 18. g3 Bf8 19. Qe3 Bg7 
20. Be2 Red8 21. Rc1 Ne8 22. Bf1 Nd6 23. g4 Re8 24. a4 Bc6 25. Ba1 Qb8 
26. a5 bxa5 27. Rb1 Qc7 28. c5 Nb7 29. Ne4 Rb8 30. Bb5 Nd8 31. Bxc6 Nxc6 
32. Nd6 Re7 33. Qa3 Nb4 34. Red1 Nc2 35. Qa4 Nb4 36. Ne5 Bxe5 37. dxe5 Nxc5 
38. Qa3 Nd7 39. Bc3 Nb6 40. Rbc1 Rd7 41. Qxa5 N4d5 42. Bd4 Qd8 43. Qd2 Qh4 
44. Kh2 Rdd8 45. Rg1 Qe7 46. Rg3 Nc8 47. Bc5 Nxd6 48. Bxd6 Rxd6 49. exd6 Qxd6 
50. Rc4 Qd8 51. Qd4 a5 52. Qe5 Qb6 53. Rf3 Ra8 54. Rc2 a4 55. Rb2 Qa6 56. g5 Rc8 
57. Rb8 Rxb8 58. Qxb8+ Kg7 59. Kg2 Qc6 60. Qe5+ Kg8 61. Qe4 Kf8 62. h4 Kg7 
63. Ra3 Nf4+ 64. Kf3 Qc5 65. Rxa4 e5 66. Ra6 Nh3 67. Ra2 Nf4 68. Kg3 h6 
69. gxh6+ Kxh6 70. Qf3 Qe7 71. Ra5 Qe6 72. Rxe5 Qxe5 73. Qxf4+ Qxf4+ 
74. Kxf4 Kh5 1/2-1/2

[Event "Wednesday Jan 31 Engine Tour 9 Rd Swiss 12m+1s Starts at 1600hrs ST"]
[Site "Infinity Chess"]
[Date "2018.1.31"]
[Round "4"]
[White "Eman"]
[Black "RonWeasley"]
[Result "1/2-1/2"]
[ECO "A46"]
[WhiteElo "2486"]
[BlackElo "2466"]
[WhiteEngine "Eman 1.69 64-bit POPCNT"]
[BlackEngine "BrainFish 060118_CTG"]
[EventType "Swiss"]
[WhiteTeam ""]
[BlackTeam ""]
[PlyCount "129"]
[TimeControl "720+1"]

1. d4 Nf6 2. Nf3 d5 3. c4 e6 4. g3 dxc4 5. Bg2 Bb4+ 6. Bd2 a5 7. Qc2 b6 
8. O-O Bb7 9. Bxb4 axb4 10. Qxc4 Nc6 11. Nbd2 O-O 12. Rfd1 Qd6 13. e3 Rfc8 
14. Ne5 Na5 15. Qb5 Bxg2 16. Kxg2 c5 17. Nec4 Nxc4 18. Nxc4 Qd5+ 19. Kg1 cxd4 
20. Qxd5 Nxd5 21. Rxd4 b5 22. Nd6 Rc6 23. Nxb5 Rb6 24. Nd6 Rxd6 25. e4 Ra4 
26. b3 Ra3 27. Rc1 g6 28. Rc8+ Kg7 29. Rc2 Rd7 30. exd5 Rxd5 31. Rxb4 Rda5 
32. Rb7 Rxa2 33. Rxa2 Rxa2 34. Kg2 g5 35. b4 g4 36. b5 Kf6 37. b6 Rb2 38. Kf1 h5 
39. Kg2 e5 40. Rb8 Kg5 41. h4+ Kg6 42. Rb7 f5 43. Re7 e4 44. b7 Kf6 45. Rd7 e3 
46. Rd8 e2 47. Re8 Rxb7 48. Rxe2 Rb1 49. Rd2 Re1 50. Rd6+ Kg7 51. Rb6 Re2 
52. Rb7+ Kf6 53. Rb6+ Re6 54. Rb2 Rd6 55. Rb5 Ra6 56. Rb8 Kg6 57. Rf8 Rc6 
58. Ra8 f4 59. gxf4 Kf5 60. Ra5+ Kxf4 61. Rxh5 Rc3 62. Rg5 Rb3 63. f3 Rb2+ 
64. Kf1 Kxf3 65. Rf5+ 1/2-1/2

[Event "Wednesday Jan 31 Engine Tour 9 Rd Swiss 12m+1s Starts at 1600hrs ST"]
[Site "Infinity Chess"]
[Date "2018.1.31"]
[Round "4"]
[White "MCDermont"]
[Black "Time_bandit"]
[Result "1/2-1/2"]
[ECO "C55"]
[WhiteElo "2487"]
[BlackElo "2487"]
[WhiteEngine "BrainFish 060118_CTG"]
[BlackEngine "asmfish-popcnt-012018-W"]
[EventType "Swiss"]
[WhiteTeam ""]
[BlackTeam ""]
[PlyCount "115"]
[TimeControl "720+1"]

1. e4 e5 2. Nf3 Nc6 3. Bc4 Nf6 4. d3 Bc5 5. c3 d6 6. Bb3 a6 7. Nbd2 O-O 
8. O-O Ba7 9. Re1 Ng4 10. Re2 Kh8 11. h3 Nh6 12. Nf1 f5 13. Bg5 Qd7 14. a4 fxe4 
15. Rxe4 Nf5 16. Qe2 Qe8 17. d4 Be6 18. Bxe6 Qxe6 19. dxe5 Rae8 20. Re1 dxe5 
21. Be3 Bxe3 22. Nxe3 Nd6 23. Rh4 Qe7 24. Rg4 e4 25. Nd4 Nxd4 26. cxd4 Qf6 
27. Qd2 Rf7 28. Rg3 Qd8 29. Qc3 g6 30. Rd1 Kg7 31. Qc5 h6 32. d5 h5 33. Nf1 Ref8 
34. Rd2 Qf6 35. Re3 Re8 36. Qc2 Qg5 37. Ng3 Kh6 38. Rd4 Ref8 39. Nxe4 Nxe4 
40. Rexe4 Rxf2 41. Qxf2 Rxf2 42. Kxf2 a5 43. b3 Qc1 44. Kg3 Qc3+ 45. Kh2 Qxb3 
46. d6 cxd6 47. Rxd6 Qc3 48. Ree6 Qc2 49. Rxg6+ Qxg6 50. Rxg6+ Kxg6 51. Kg3 Kf5 
52. Kh4 Kg6 53. g3 b6 54. g4 hxg4 55. hxg4 Kh6 56. g5+ Kg6 57. Kg4 b5 58. axb5 
1/2-1/2

[Event "Wednesday Jan 31 Engine Tour 9 Rd Swiss 12m+1s Starts at 1600hrs ST"]
[Site "Infinity Chess"]
[Date "2018.1.31"]
[Round "4"]
[White "MarioDeMonti"]
[Black "SkyPilot"]
[Result "1/2-1/2"]
[ECO "C55"]
[WhiteElo "2486"]
[BlackElo "2511"]
[WhiteEngine "stockfish_x64_bmi2_2018_01_23_CTG"]
[BlackEngine "stockfish_x64_bmi2_2018_01_23_CTG"]
[EventType "Swiss"]
[WhiteTeam ""]
[BlackTeam ""]
[PlyCount "239"]
[TimeControl "720+1"]

1. e4 e5 2. Nf3 Nc6 3. Bc4 Nf6 4. d3 Bc5 5. c3 d6 6. O-O a5 7. Re1 h6 8. h3 O-O 
9. Nbd2 Be6 10. a4 Ba7 11. b3 d5 12. exd5 Nxd5 13. Ne4 Bb6 14. Qd2 Re8 
15. Bb5 Nf6 16. Rb1 Nxe4 17. dxe4 Qf6 18. Qe2 Red8 19. Bxc6 bxc6 20. c4 Bd4 
21. Nxd4 exd4 22. Qd3 c5 23. Qg3 Ra6 24. Qxc7 Rc8 25. Qg3 Bd7 26. h4 Qe7 
27. f3 Rg6 28. Qh2 Rb6 29. Bf4 Ra8 30. g4 Ra7 31. Bc7 Rf6 32. Bf4 Rb6 
33. Rb2 Rab7 34. Reb1 Be8 35. Qf2 Qf6 36. Qh2 Qe7 37. g5 h5 38. Qd2 Ra7 
39. Kg2 Bd7 40. Qe1 Qe6 41. Qg3 Rab7 42. Bc7 Ra6 43. Kh2 Kh7 44. Bf4 Rab6 
45. Bc7 Ra6 46. Be5 Qe7 47. Bf4 Qe6 48. Bd2 f5 49. e5 Bc6 50. Bf4 g6 51. Kg2 Qe7 
52. Qe1 Bd7 53. Kg3 Be6 54. Qf2 Qe8 55. Qd2 Bd7 56. Qc2 Re6 57. Qe2 Ra6 
58. Re1 Be6 59. Qc2 Qe7 60. Kg2 Qe8 61. Qe2 Rab6 62. Reb1 Qe7 63. Bd2 Ra6 
64. Bf4 Rab6 65. Qc2 Bd7 66. Kh3 Be6 67. Kg3 Rc6 68. Rd1 Kg8 69. Kg2 Kh8 
70. Kg1 Kh7 71. Qd3 Rcb6 72. Rdb1 Ra6 73. Rd2 Rb4 74. Rdb2 Rab6 75. Bd2 Bxc4 
76. Qc2 d3 77. Qd1 Qxe5 78. Bxb4 Rxb4 79. bxc4 Rxb2 80. Rxb2 Qxb2 81. Qxd3 Qa1+ 
82. Kf2 Qxa4 83. Qd5 Qc2+ 84. Kg3 f4+ 85. Kxf4 Kg7 86. Qd7+ Kg8 87. Qd8+ Kf7 
88. Qd7+ Kg8 89. Qe8+ Kh7 90. Qf7+ Kh8 91. Qd5 Qh2+ 92. Ke3 Qc7 93. Kd2 Kg7 
94. Kc2 a4 95. f4 Qxf4 96. Qxc5 Qe4+ 97. Kc3 Qf3+ 98. Kb4 Qb3+ 99. Ka5 a3 
100. Qe5+ Kg8 101. Qe6+ Kg7 102. Qe5+ Kg8 103. c5 Qb7 104. Qe6+ Kg7 105. c6 Qa7+ 
106. Kb4 a2 107. Qf6+ Kh7 108. Qa1 Qb8+ 109. Ka3 Qa7+ 110. Kb4 Qb8+ 
111. Ka3 Qa8+ 112. Kb2 Qxc6 113. Qxa2 Qd7 114. Qa1 Qb5+ 115. Kc1 Qf1+ 
116. Kb2 Qxa1+ 117. Kxa1 Kh8 118. Kb1 Kg7 119. Kb2 Kf8 120. Kc1 1/2-1/2

[Event "Wednesday Jan 31 Engine Tour 9 Rd Swiss 12m+1s Starts at 1600hrs ST"]
[Site "Infinity Chess"]
[Date "2018.1.31"]
[Round "4"]
[White "angriff"]
[Black "KhalidOmar"]
[Result "1/2-1/2"]
[ECO "E10"]
[WhiteElo "2434"]
[BlackElo "2453"]
[WhiteEngine "SF_SL_FA_64BIT_POPCNT_CTG"]
[BlackEngine "Eman 1.69 64-bit BMI2"]
[EventType "Swiss"]
[WhiteTeam ""]
[BlackTeam ""]
[PlyCount "181"]
[TimeControl "720+1"]

1. d4 Nf6 2. c4 e6 3. Nf3 d5 4. Nc3 c6 5. e3 Nbd7 6. Qc2 Bd6 7. b3 O-O 8. Be2 b6 
9. O-O Bb7 10. Bb2 Qe7 11. Rfe1 Rfe8 12. e4 dxe4 13. Nxe4 Nxe4 14. Qxe4 Rad8 
15. Bd3 Nf8 16. Qg4 f6 17. Rad1 c5 18. d5 Qf7 19. Be4 h5 20. Qh3 exd5 
21. Bxd5 Rxe1+ 22. Nxe1 Bxd5 23. Rxd5 Qe6 24. Qxe6+ Nxe6 25. g3 Bf8 
26. Rxd8 Nxd8 27. Kg2 Kf7 28. f4 Bd6 29. Kf3 g6 30. Bc3 Be7 31. a3 Nb7 
32. Ng2 Nd6 33. Ba1 Ke6 34. Ne3 g5 35. fxg5 fxg5 36. g4 hxg4+ 37. Nxg4 Nf5 
38. a4 Bd8 39. h3 Be7 40. Bc3 Nd6 41. Ne3 Bf6 42. Bd2 Bd8 43. Bc1 Bf6 
44. Nd5 Bd8 45. Be3 Kf5 46. Bd2 Ke5 47. Bc3+ Kf5 48. Bd2 Nf7 49. Ne3+ Ke6 
50. Ng4 Nd6 51. Be1 Nf5 52. Bc3 Be7 53. Ke4 Nd6+ 54. Ke3 Nf5+ 55. Kd3 Bd8 
56. Ke4 Nd6+ 57. Kf3 Bc7 58. Ne5 Nc8 59. Ng4 Kf5 60. Nh6+ Kg6 61. Ng4 Kf5 
62. Ne3+ Ke6 63. Kg4 Nd6 64. Nd5 Bd8 65. Kf3 Nf7 66. Ke4 Nd6+ 67. Ke3 Kf5 
68. Kf3 Nf7 69. Ne3+ Ke6 70. Ng4 Nd6 71. Ne3 Nf5 72. Nxf5 Kxf5 73. Be1 Bf6 
74. a5 bxa5 75. Bxa5 Be5 76. Ke3 Bg3 77. Bc3 Be5 78. Ba5 Bf4+ 79. Kf3 Be5 
80. Be1 Bd4 81. Bd2 Bf6 82. Be3 Bd4 83. Bxd4 cxd4 84. b4 a6 85. Ke2 Ke4 
86. Kd2 Kf4 87. b5 axb5 88. cxb5 Ke5 89. b6 Kd6 90. b7 Kc7 91. Kd3 1/2-1/2